 Dungeon Crawl Stone Soup version 0.32-a0-427-g448f42529f (webtiles) character file.

Game seed: 7665736768474524559

1499658 EnegeticOcto the Shapeless Frog (level 27, 226/237 HPs)
             Began as a Barachi Reaver on Feb 21, 2024.
             Was the Champion of Wu Jian.
             Escaped with the Orb
             ... and 3 runes on Feb 22, 2024!
             The game lasted 03:28:01 (88380 turns).

EnegeticOcto the Shapeless Frog (Barachi Reaver)   Turns: 88380, Time: 03:28:01

Health: 226/237    AC: 23    Str: 12    XL:     27
Magic:  35/35      EV: 57    Int: 20    God:    Wu Jian [******]
Gold:   1180       SH:  8    Dex: 25    Spells: 17/42 levels left

rFire   + . .        a - melded staff of alchemy
rCold   . . .        x - melded +2 buckler {rF+}
rNeg    . . .        W - melded +5 moon troll leather armour {Spirit, Regen++ MP+5}
rPois   ∞            Q - melded +2 hat {Int+3}
rElec   +            f - melded +2 cloak {rPois}
rCorr   .            I - melded +2 pair of gloves {Str+3}
SInv    .            A - melded +2 pair of boots
Will    +++..        d - brooch of Shielding {Spirit SH+8}
Stlth   +            P - ring of Midnight {rF+ Dex+3 Slay+4}
HPRegen 0.59/turn    R - ring of the Tortoise {AC+8}
MPRegen 0.24/turn

%: clarity, guardian spirit
@: storm-form, flying, studying 4 skills
A: cleaving, insubstantial, flying, amphibious, (slowness 1), (strong legs 2),
+LOS, (horns 1), clarity, clever 1, strong-willed 1
0: Orb of Zot
}: 3/15 runes: decaying, serpentine, silver
a: Blinkbolt, Begin Untransformation, Renounce Religion, Wall Jump, Serpent's
Lash, Heavenly Storm


You escaped.
You worshipped Wu Jian.
Wu Jian was exalted by your worship.
You were a lightning-filled tempest!
You visited 11 branches of the dungeon, and saw 51 of its levels.
You also visited: Trove, Sewer, Gauntlet and Wizlab.

You collected 8962 gold pieces.
You spent 7782 gold pieces at shops.

Inventory:

Missiles
 p - 3 curare-tipped darts (quivered)
 H - 6 throwing nets {!f}
Armour
 f - a +2 cloak of poison resistance (melded)
   (You found it in a treasure trove)
 x - a +2 buckler of fire resistance (melded)
   (You found it in a treasure trove)
 A - a +2 pair of boots (melded)
   (You found it on level 1 of the Lair of Beasts)
 I - a +2 pair of gloves of strength (melded)
   (You found it in a treasure trove)
 Q - a +2 hat of intelligence (melded)
   (You took it off Gastronok on level 1 of the Lair of Beasts)
 W - the +5 moon troll leather armour (melded) {Spirit, Regen++ MP+5}
   (You took it off a minotaur in a Gauntlet)

   MP+5:      It affects your magic capacity (+5).
   Regen++:   It increases your rate of health regeneration.
Magical Staves
 a - a staff of alchemy (melded)
   (You found it in a Gauntlet)
Jewellery
 b - the ring "Ciynitaw" {+Blink rN+ SInv}
   (You acquired it on level 5 of the Realm of Zot)

   [ring of positive energy]

   rN+:       It protects you from negative energy.
   SInv:      It lets you see invisible.
   +Blink:    It lets you blink.
 d - the brooch of Shielding (around neck) {Spirit SH+8}
   (You bought it in a shop on level 1 of the Snake Pit)

   [amulet of guardian spirit]

   Spirit:    It causes incoming damage to be divided between your reserves of
   health and magic.
   SH+8:      It affects your SH (+8).
 l - a ring of protection from cold
   (You bought it in a shop on level 4 of the Snake Pit)
 P - the ring of Midnight (left fist) {rF+ Dex+3 Slay+4}
   (You found it on level 3 of the Crypt)

   [ring of slaying]

   Dex+3:     It affects your dexterity (+3).
   Slay+4:    It affects your accuracy & damage with ranged weapons and melee
   (+4).
   rF+:       It protects you from fire.
 R - the ring of the Tortoise (right fist) {AC+8}
   (You bought it in a shop on level 4 of the Snake Pit)

   [ring of protection]

   AC+8:      It affects your AC (+8).
 T - the ring of Mihuofi {rPois rF+ Dex+6 Stlth+}
   (You found it on level 5 of the Vaults)

   [ring of dexterity]

   Dex+6:     It affects your dexterity (+6).
   rF+:       It protects you from fire.
   rPois:     It protects you from poison Stlth+: It makes you more stealthy.
 X - the ring of the Evening {rElec rN+ Str+6}
   (You took it off a vault guard on level 5 of the Vaults)

   [ring of strength]

   Str+6:     It affects your strength (+6).
   rElec:     It insulates you from electricity.
   rN+:       It protects you from negative energy.
Talismans
 V - a storm talisman (active)
   (You bought it in a shop on level 2 of the Orcish Mines)
Wands
 k - a wand of roots (58) {@v2}
   (You found it on level 10 of the Dungeon)
 E - a wand of polymorph (41)
   (You found it on level 5 of the Dungeon)
 J - a wand of mindburst (34)
   (You found it on level 8 of the Dungeon)
 K - a wand of paralysis (20)
   (You took it off Maggie on level 10 of the Dungeon)
 N - a wand of light (26) {@v1}
   (You found it on level 11 of the Dungeon)
Scrolls
 e - 25 scrolls of teleportation {@r3 !r}
 g - 3 scrolls of torment
 h - 6 scrolls of blinking {@r4}
 v - 9 scrolls of immolation
 w - 9 scrolls of fog {!r}
 y - a scroll of revelation {@r5 !r}
 z - 10 scrolls of poison {!r}
 B - 8 scrolls of silence {!r}
 D - 2 scrolls of butterflies {!r}
 G - a scroll of fear {!r}
 S - 5 scrolls of vulnerability
Potions
 c - 9 potions of mutation
 i - 6 potions of might {@q3 !q}
 j - 11 potions of attraction
 n - 3 potions of haste {@q4 !q}
 o - 3 potions of brilliance
 q - 3 potions of berserk rage
 r - 20 potions of curing {@q1 !q}
 s - 3 potions of invisibility
 t - 8 potions of cancellation
 u - 3 potions of resistance
 C - 5 potions of lignification {@q6}
 F - 7 potions of enlightenment
 L - 13 potions of heal wounds {@q2 !q}
 O - 4 potions of ambrosia
 Y - 4 potions of magic
Miscellaneous
 m - a phial of floods
   (You found it on level 3 of the Crypt)
 M - a lightning rod (4/4)
   (You found it on level 5 of the Vaults)
 U - a phantom mirror
   (You found it on level 5 of the Vaults)
 Z - a box of beasts (inert)
   (You found it on level 5 of the Vaults)


   Skills:
 + Level 23.9 Fighting
 - Level 9.6(10.0) Short Blades
 - Level 4.0(7.8) Long Blades
 - Level 7.0 Armour
 + Level 19.5 Dodging
 - Level 3.0 Stealth
 - Level 4.0 Shields
 + Level 24.4 Unarmed Combat
 - Level 8.0 Spellcasting
 - Level 11.0 Conjurations
 - Level 10.0 Translocations
 - Level 5.0 Air Magic
 - Level 4.0 Earth Magic
 - Level 12.0 Alchemy
 - Level 9.0 Evocations
 O Level 27 Shapeshifting


You had 17 spell levels left.
You knew the following spells:

 Your Spells              Type           Power      Damage    Failure   Level
a - Apportation           Tloc           96%        N/A       1%          1
b - Manifold Assault      Tloc           48%        N/A       1%          4
c - Leda's Liquefaction   Alch/Erth      20%        N/A       3%          4
d - Fugue of the Fallen   Necr           8%         N/A       26%         3
p - Passwall              Erth           24%        N/A       4%          3
z - Irradiate             Conj/Alch      26%        3d20      1%          5
V - Swiftness             Air            28%        N/A       3%          3
Y - Blink                 Tloc           96%        N/A       1%          2

Your spell library contained the following spells:

 Spells                   Type           Power      Damage    Failure   Level
 Foxfire                  Conj/Fire      100%       2x1d9     1%          1
 Kiss of Death            Conj/Necr      100%       2d13      1%          1
 Magic Dart               Conj           100%       1d8       1%          1
 Sandblast                Erth           48%        2d12      1%          1
 Sting                    Conj/Alch      100%       1d9       1%          1
 Lesser Beckoning         Tloc           96%        N/A       1%          2
 Mercury Vapours          Alch/Air       84%        N/A       1%          2
 Momentum Strike          Conj/Tloc      100%       3d10      1%          2
 Searing Ray              Conj           100%       2d8       1%          2
 Gell's Gravitas          Tloc           48%        N/A       1%          3
 Mephitic Cloud           Conj/Alch/Air  45%        N/A       1%          3
 Teleport Other           Tloc           48%        N/A       1%          3
 Fulminant Prism          Conj/Alch      26%        3d13      1%          4
 Iskenderun's Mystic Bla  Conj/Tloc      50%        2d11      1%          4
 Olgreb's Toxic Radiance  Alch           54%        N/A       1%          4
 Alistair's Intoxication  Alch           36%        N/A       1%          5
 Hailstorm                Conj/Ice       30%        3d8       2%          3
 Petrify                  Alch/Erth      40%        N/A       3%          4
 Necrotise                Necr           32%        1d5       9%          1
 Slow                     Hex            32%        N/A       9%          1
 Eringya's Noxious Bog    Alch           27%        4d6       10%         6
 Dimensional Bullseye     Hex/Tloc       14%        N/A       11%         4
 Ensorcelled Hibernation  Hex/Ice        16%        N/A       13%         2
 Jinxbite                 Hex            16%        N/A       13%         2
 Yara's Violent Unravell  Hex/Alch       16%        3d8       21%         5
 Dispersal                Tloc           24%        N/A       22%         6
 Confusing Touch          Hex            8%         N/A       26%         3
 Frozen Ramparts          Ice            16%        1d3       26%         3
 Ozocubu's Armour         Ice            8%         N/A       26%         3
 Summon Ice Beast         Ice/Summ       8%         N/A       26%         3
 Tukima's Dance           Hex            8%         N/A       26%         3
 Vampiric Draining        Necr           8%         2d6       26%         3
 Freezing Cloud           Conj/Ice/Air   14%        6-21      26%         5
 Lee's Rapid Deconstruct  Erth           12%        3d8*      41%         5
 Conjure Ball Lightning   Conj/Air       20%        3x3d6     43%         6
 Bombard                  Conj/Erth      19%        9d4       52%         6
 Anguish                  Hex/Necr       4%         N/A       63%         4
 Cause Fear               Hex            4%         N/A       63%         4
 Dispel Undead            Necr           8%         3d8       63%         4
 Martyr's Knell           Necr/Summ      8%         N/A       63%         4
 Borgnjor's Vile Clutch   Necr/Erth      8%         N/A       71%         5
 Sculpt Simulacrum        Ice/Alch       16%        N/A       73%         6
 Starburst                Conj/Fire      15%        6d6       80%         6
 Curse of Agony           Necr           8%         N/A       93%         5
 Plasma Beam              Fire/Air       9%         2x1d19    99%         6
 Enfeeble                 Hex            4%         N/A       100%        7
 Malign Gateway           Summ/Tloc      14%        N/A       100%        7
 Monstrous Menagerie      Summ           4%         N/A       100%        7
 Spellforged Servitor     Conj/Summ      15%        N/A       100%        7
 Borgnjor's Revivificati  Necr           4%         N/A       100%        8
 Discord                  Hex            4%         N/A       100%        8
 Disjunction              Tloc           24%        N/A       100%        8
 Maxwell's Capacitive Co  Air            14%        ∞         100%        8
 Summon Horrible Things   Summ           4%         N/A       100%        8
 Sublimation of Blood     Necr           Unusable   N/A       N/A         2

Dungeon Overview and Level Annotations

Branches:
Dungeon (15/15)            Temple (1/1) D:4            Lair (5/5) D:11
  Swamp (4/4) Lair:2        Snake (4/4) Lair:2        Slime (0/5) Lair:4
    Orc (2/2) D:9             Elf (3/3) Orc:2        Vaults (5/5) D:14
  Crypt (3/3) Vaults:3       Tomb (0/3) Crypt:3      Depths (4/4) D:15
    Zot (5/5) Depths:4      Sewer (visited)          WizLab (visited)
Gauntlet (visited)

Altars:
Ashenzari
Cheibriados
Dithmenos
Elyvilon
Fedhas
Gozag
Hepliaklqana
Kikubaaqudgha
Makhleb
Nemelex Xobeh
Okawaru
Qazlal
Ru
Sif Muna
Trog
Uskayaw
Vehumet
Wu Jian
Xom
Yredelemnul
Zin
The Shining One
Beogh
Jiyva

Shops:
D:1 ?   D:5 *   D:9 (   Orc:1 *   Orc:2 ==[?   Elf:1 ?[   Elf:2 *   Elf:3 **?*
Snake:1 =   Snake:2 =[*!   Snake:3 *?[   Snake:4 :=:   Vaults:1 [   Vaults:2 =
Vaults:3 !

Portals:
Hell: Depths:1 Depths:2 Depths:3 Depths:4
Abyss: Depths:1 Depths:3
Pandemonium: Depths:1 Depths:2 Depths:4
Ziggurat: Depths:4

Annotations:
Snake:2 1 runed translucent door, exclusion: door, Kuunicon's ghost, adept DsGl
Elf:2 3 runed translucent doors, exclusion: 3 doors
Elf:3 3 runed translucent doors, exclusion: 3 doors, Lajad's ghost, adept OpFE; Teimean's ghost, adept DsNe


Innate Abilities, Weirdness & Mutations

You are a lightning-filled tempest!
Your electrical attacks strike out in all directions at once.
You are incredibly evasive.
Your insubstantial body is immune to petrification, constriction, and being set on fire You are flying.
Your armour is entirely melded.
You are incapable of wielding weapons or throwing items.
You are amphibious.
You are immune to poison.
((You cover ground slowly.))
((You can hop long distances.))
You have an extended range of vision and can be seen from far away.
((You have a pair of small horns on your head.))
You possess an exceptional clarity of mind.
Your mind is acute. (Int +4, Str/Dex -1)
You are strong-willed. (Will+)


Message History

Your damage rating with unarmed combat is about 87 (Base [33 + 24 (UC)] x 105% (Str) x 139% (Fight) + 4 (Slay)).
Your base attributes are Str 13, Int 16, Dex 23.
You feel energetic enough to blinkbolt again.
You lunge at the glowing orange brain, in a flurry of attacks.
You batter the glowing orange brain!!
The glowing orange brain is moderately wounded.
You batter the glowing orange brain!!
Lightning courses through the glowing orange brain!
You punch the glowing orange brain.
You kill the glowing orange brain!
The Council accepts your kill.
(D) Dungeon (T) Temple (L) Lair (S) Swamp (P) Snake Pit (M) Slime Pits (O) Orcish Mines (E) Elven Halls (V) Vaults (C) Crypt (W) Tomb (U) Depths (H) Hell (Z) Zot
Where to? (Tab/Enter - D:1 @ (x,y), ? - help)
Your extra speed is starting to run out.
Items here: )) [[ ÷.
Things that are here:
a +0 scale mail; a +5 antimagic trident
There is a stone staircase leading up here.
You feel yourself slow down.
You fly upwards.
There is a stone staircase leading down here.
Items here: )) [[ ÷.
There is a stone staircase leading up here.
You fly upwards.
There is a stone staircase leading down here.
There is a stone staircase leading up here.
You fly upwards.
There is a stone staircase leading down here.
You see here a +0 ring mail.
Magic restored.
There is a stone staircase leading up here.
You fly upwards.
There is a stone staircase leading down here.
There is an open door here.
A great orb of eyes comes into view.
Unknown command.
Unknown command.
Unknown command.
You blast the great orb of eyes!!!
The great orb of eyes is heavily wounded.
You hit the great orb of eyes.
The great orb of eyes is severely wounded.
You blast the great orb of eyes!!!
You kill the great orb of eyes!
The Council accepts your kill.
(D) Dungeon (T) Temple (L) Lair (S) Swamp (P) Snake Pit (M) Slime Pits (O) Orcish Mines (E) Elven Halls (V) Vaults (C) Crypt (W) Tomb (U) Depths (H) Hell (Z) Zot
Where to? (Tab/Enter - D:1 @ (x,y), ? - help)
There is a stone staircase leading up here.
You fly upwards.
There is a stone staircase leading down here.
You see here a quokka skeleton.
An Orb Guardian comes into view.
Unknown command.
You see here a bat skeleton.
You lunge at the Orb Guardian.
You blast the Orb Guardian!!!!
Lightning courses through the Orb Guardian!
You kill the Orb Guardian!
The Council accepts your kill.
(D) Dungeon (T) Temple (L) Lair (S) Swamp (P) Snake Pit (M) Slime Pits (O) Orcish Mines (E) Elven Halls (V) Vaults (C) Crypt (W) Tomb (U) Depths (H) Hell (Z) Zot
Where to? (Tab/Enter - D:1 @ (x,y), ? - help)
A daeva comes into view.
It is wielding a +5 scimitar of holy wrath.
Unknown command.
The daeva calls down the wrath of the Shining One upon you.
The Shining One smites you!
You lunge at the daeva, in a flurry of attacks.
The daeva blocks your attack.
You punch the daeva.
The daeva is lightly wounded.
You barely miss the daeva. You punch the daeva.
The daeva is lightly wounded.
The daeva hits you with a +5 scimitar of holy wrath!
The daeva completely misses you.
You blast the daeva!!!!
The daeva blocks your attack.
The daeva is almost dead.
The daeva blocks your attack.
The daeva is almost dead.
The daeva hits you with a +5 scimitar of holy wrath.
The daeva completely misses you.
You batter the daeva!! Lightning courses through the daeva!
You kill the daeva!
The Council accepts your kill.
No target in view!
(D) Dungeon (T) Temple (L) Lair (S) Swamp (P) Snake Pit (M) Slime Pits (O) Orcish Mines (E) Elven Halls (V) Vaults (C) Crypt (W) Tomb (U) Depths (H) Hell (Z) Zot
Where to? (Tab/Enter - D:1 @ (x,y), ? - help)
There is an open door here.
Magic restored.
There is a staircase leading out of the dungeon here.
Unknown command.
You have escaped!

..≈.#
#.##########......^##
#...#
#..........##.....##
..≈.#
#..≈≈≈≈..ß.########
....# #..........#
.#..# #####.######
....# ####'#####
≈...# #........#
....# #........#
....# #......v.#
....# #........#
....## #........#
.....##############
........##########
#................#
#####.......######
###.#...#.#
###...#..#..#


There were no monsters in sight!

Vanquished Creatures
  2 ancient liches
  5 dread liches
  A juggernaut (Depths:2)
  7 orbs of fire
  Sojobo (Depths:1)
  2 Killer Klowns (Zot:5)
  A pandemonium lord (D:7)
  Saint Roka (Crypt:1)
  A curse toe (Zot:4)
  10 golden dragons
  Nikola (Swamp:1)
  A bone dragon (Crypt:3)
  5 electric golems
  10 tentacled monstrosities
  Mlioglotl (Swamp:1)
  8 liches
  4 titans
  4 deep elf blademasters (Elf:3)
  5 quicksilver dragons
  A deep elf master archer (Elf:3)
  Asterion (Snake:1)
  27 Orb Guardians
  Frances (Snake:1)
  2 Executioners
  7 sphinxes
  8 ancient champions
  4 death cobs
  Gastronok (Lair:1)
  11 tengu reavers
  Aizul (Snake:1)
  3 thorn hunters
  9 shadow dragons
  7 storm dragons
  5 revenants
  4 nagarajas
  2 protean progenitors
  Donald (Swamp:1)
  7 draconian knights
  A daeva (D:1)
  6 fire giants
  3 draconian monks
  2 draconian scorchers
  2 draconian shifters
  12 deep elf sorcerers
  8 frost giants
  A juggernaut zombie (Crypt:2)
  3 fenstrider witches (Swamp:4)
  23 vault wardens
  2 balrugs (Depths:4)
  6 deep elf elementalists (Elf:3)
  5 ghouls
  4 spectral caustic shrikes (Depths:2)
  A caustic shrike zombie (Crypt:3)
  2 curse skulls (Crypt:2)
  A reaper (Depths:4)
  2 iron dragons
  3 draconian stormcallers
  3 draconian annihilators
  17 very ugly things
  3 formless jellyfish
  16 ironbound preservers
  3 spriggan defenders (Depths:2)
  3 orc warlords
  A caustic shrike skeleton (Depths:1)
  11 vampire knights
  An ironbound thunderhulk (Vaults:2)
  5 green draconians
  2 juggernaut skeletons (Crypt:2)
  14 stone giants
  2 deep elf demonologists (Elf:3)
  5 eleionomae
  6 black draconians
  5 deep elf annihilators (Elf:3)
  5 yellow draconians
  A lorocyproca (D:10)
  8 white draconians
  9 deep elf death magi
  7 red draconians
  Azrael (Snake:2)
  14 dire elephants
  5 spark wasps (Depths:2)
  A minotaur (Gauntlet)
  2 purple draconians
  5 bunyips
  5 war gargoyles
  The ghost of Struensee the Bludgeoner, a journeyman MDBe of Trog (Orc:2)
  16 ettins
  A green death (Swamp:4)
  15 deep elf high priests
  14 jiangshi
  2 crystal guardians
  6 eidola
  A quicksilver dragon skeleton (Crypt:2)
  3 entropy weavers (Vaults:4)
  13 yaktaur captains
  A spriggan zombie (Crypt:2)
  3 shambling mangroves
  11 fire dragons
  3 salamander tyrants (Snake:4)
  35 vault guards
  Erolcha (Orc:2)
  13 ice dragons
  2 peacekeepers
  3 spriggan air magi
  2 rakshasas (Depths:2)
  3 ironbound frosthearts
  5 great orbs of eyes
  A hell beast (Swamp:4)
  A juggernaut simulacrum (Depths:3)
  6 ghost crabs
  8 ogre magi
  13 anacondas
  10 alligators
  A death knight (Crypt:1)
  A sphinx zombie (Crypt:1)
  12 hydras
  12 two-headed ogres
  13 centaur warriors
  24 dancing weapons
  8 tengu warriors
  4 deep troll shamans
  An alligator snapping turtle (Snake:4)
  A fenstrider witch skeleton (Crypt:2)
  4 boulder beetles
  20 naga warriors
  9 death yaks
  4 hell hogs
  2 orc high priests
  14 vampire magi
  3 deep troll earth magi
  15 shock serpents
  2 sphinx skeletons
  An occultist (Swamp:4)
  11 spriggan berserkers
  3 storm dragon zombies
  16 naga sharpshooters
  8 hell knights (Depths:1)
  2 titan skeletons
  14 deep elf knights
  11 soul eaters
  Sonja (D:11)
  4 sun demons
  6 salamander mystics
  4 iron trolls
  35 deep trolls
  2 cherubim (D:9)
  8 goliath frogs
  A skyshark (Lair:5)
  A shadow wraith (Crypt:3)
  10 skeletal warriors
  2 orb spiders (shapeshifter)
  2 sea snakes (Snake:4)
  4 bog bodies
  A deep troll (shapeshifter) (Vaults:5)
  2 bunyip zombies (Crypt:2)
  4 glowing orange brains
  2 sea snakes (shapeshifter)
  A shadow demon (Depths:2)
  4 large abominations (Depths:3)
  6 flayed ghosts
  20 mana vipers
  35 slime creatures
  14 ironbound convokers
  4 spriggan druids (Swamp:4)
  9 swamp dragons
  12 deep elf archers
  An anaconda skeleton (Crypt:2)
  8 naga ritualists
  9 arcanists
  4 tengu zombies
  6 phantasmal warriors
  8 lindwurms
  5 harpies (Vaults:3)
  40 deep elf pyromancers
  10 necromancers
  An alligator zombie (Crypt:2)
  An iron dragon zombie (Crypt:2)
  A goliath frog zombie (Crypt:2)
  2 harpies (shapeshifter) (Vaults:5)
  2 orc knights (Crypt:1)
  Pikel (D:4)
  25 deep elf zephyrmancers
  8 orc sorcerers
  33 ugly things
  3 manticores
  A fire giant zombie (Depths:3)
  3 cyclopes
  Maurice (D:8)
  5 will-o-the-wisps
  A formless jellyfish zombie (Crypt:2)
  A shadow dragon skeleton (Depths:1)
  19 moths of wrath
  A centaur zombie (Crypt:2)
  16 salamanders
  A rust devil (Depths:4)
  4 meliai
  A naga zombie (Crypt:3)
  26 elephants
  A frost giant skeleton (Crypt:3)
  3 kobold blastminers (Orc:1)
  12 guardian serpents
  24 naga magi
  A toenail golem (D:7)
  19 vault sentinels
  56 black mambas
  A water nymph (shapeshifter) (Vaults:5)
  A human skeleton (Vaults:3)
  5 smoke demons
  7 torpor snails
  3 orange demons (Swamp:4)
  14 cane toads
  A torpor snail (shapeshifter) (Depths:2)
  8 unseen horrors
  A rime drake (shapeshifter) (D:14)
  Maggie (D:10)
  A gargoyle (D:12)
  8 rime drakes
  10 komodo dragons
  A purple draconian skeleton (Crypt:1)
  A dire elephant skeleton (Crypt:2)
  A kobold demonologist (D:10)
  7 freezing wraiths
  A black draconian zombie (Crypt:2)
  30 yaktaurs
  A tormentor (Depths:4)
  2 tengu conjurers
  2 red devils
  10 trolls
  A death drake zombie (Crypt:3)
  A green draconian skeleton (Crypt:1)
  A queen bee (shapeshifter) (Vaults:5)
  3 hydra zombies
  20 hornets
  15 polar bears
  Prince Ribbit (D:7)
  2 tarantellas (Vaults:4)
  4 raiju (Lair:5)
  3 harpy skeletons
  6 hellwings
  A snapping turtle (shapeshifter) (Vaults:5)
  13 tyrant leeches
  2 glass eyes
  2 fire dragon zombies
  15 blink frogs
  3 snapping turtles (Snake:4)
  A centaur simulacrum (D:12)
  2 culicivoras (shapeshifter)
  Sigmund (D:3)
  A shadow (D:9)
  A ynoxinul (Depths:2)
  A yak (shapeshifter) (D:14)
  3 spriggans
  An air elemental (Elf:3)
  8 basilisks
  An ettin skeleton (Crypt:2)
  2 vampires (Crypt:3)
  6 water elementals
  6 wraiths
  A wind drake zombie (Crypt:1)
  4 wyverns
  62 yaks
  A fire dragon skeleton (Crypt:2)
  6 fire elementals
  A human (shapeshifter) (Elf:1)
  A hog (Lair:3)
  A steam dragon (D:9)
  Grum (D:10)
  5 chaos spawn
  20 vampire mosquitoes
  A neqoxec (D:7)
  17 wargs
  A redback (shapeshifter) (Vaults:5)
  4 redbacks (Vaults:4)
  3 small abominations (Depths:3)
  A glowing shapeshifter zombie (Vaults:3)
  20 swamp worms
  49 nagas
  13 water moccasins
  A human zombie (Depths:1)
  13 hell hounds
  2 acid dragons
  A faun skeleton (Crypt:3)
  A glowing shapeshifter skeleton (Depths:3)
  A sky beast (D:6)
  A swamp drake (Swamp:1)
  30 orc warriors
  A spriggan simulacrum (Depths:1)
  13 laughing skulls
  15 ogres
  An ettin simulacrum (Depths:1)
  13 black bears
  A swamp dragon skeleton (Crypt:1)
  23 wolves
  18 centaurs
  4 kobold brigands
  A lemure (D:4)
  A rime drake skeleton (Crypt:3)
  13 bullfrogs
  4 earth elementals (Elf:3)
  An elf skeleton (Crypt:2)
  A gnoll sergeant (D:6)
  2 glowing shapeshifter simulacra
  10 scorpions
  3 wights (D:9)
  6 killer bees (D:8)
  A spriggan skeleton (Crypt:3)
  6 electric eels
  7 howler monkeys
  2 lava snakes (Snake:4)
  3 hounds
  6 jellies
  A gnoll bouda (D:6)
  19 orc priests
  A scorpion zombie (Crypt:2)
  19 iguanas
  40 orc wizards
  Natasha (thrice) (D:3)
  A sleepcap (D:7)
  A howler monkey skeleton (Crypt:2)
  23 gnolls
  13 adders
  A river rat (Sewer)
  4 shadow imps
  An iguana skeleton (Crypt:3)
  A lava snake zombie (Crypt:2)
  5 ribbon worms
  4 dart slugs
  100 orcs
  15 ball pythons
  A bat skeleton (Crypt:1)
  16 endoplasms
  6 giant cockroaches
  7 hobgoblins
  9 jackals
  3 quokkas
  4 bats
  14 frilled lizards
  8 goblins
  19 kobolds
  A quokka skeleton (Crypt:3)
  10 rats
  5 butterflies
  A spectral weapon (Elf:3)
2404 creatures vanquished.

Vanquished Creatures (others)
  A deep elf elementalist (Elf:3)
  An ogre mage (Swamp:4)
  A deep elf zephyrmancer (Elf:1)
  A deep elf pyromancer (Elf:3)
  2 bloated husks
  A glass eye (shapeshifter) (Zot:3)
  A snapping turtle (shapeshifter) (Zot:3)
  2 centaurs (D:13)
  19 foxfires
  180 fulminant prisms
209 creatures vanquished.

Grand Total: 2613 creatures vanquished

Notes
Turn   | Place    | Note
-------+----------+-------------------------------------------
     0 | D:1      | EnegeticOcto the Barachi Reaver began the quest for the
                  | Orb.
     0 | D:1      | Reached XP level 1. HP: 17/17 MP: 3/3
    95 | D:1      | Reached skill level 1 in Stealth
   171 | D:1      | Reached XP level 2. HP: 23/23 MP: 5/5
   172 | D:1      | Found Myfovvy's Magic Scroll Shoppe.
   184 | D:1      | Bought a scroll of identify for 20 gold pieces
   214 | D:1      | Found a faded altar of an unknown god.
   221 | D:1      | Reached skill level 2 in Stealth
   351 | D:1      | Learned a level 2 spell: Momentum Strike
   392 | D:1      | Reached XP level 3. HP: 1/21 MP: 4/6
   880 | D:2      | Reached skill level 3 in Stealth
  1035 | D:1      | Bought a scroll of teleportation for 30 gold pieces
  1113 | D:2      | Reached skill level 4 in Long Blades
  1337 | D:2      | Reached XP level 4. HP: 30/31 MP: 7/7
  1420 | D:1      | Bought a scroll of identify for 20 gold pieces
  1713 | D:2      | Reached skill level 3 in Fighting
  1713 | D:2      | Reached skill level 1 in Translocations
  2217 | D:2      | Reached skill level 2 in Translocations
  2272 | D:1      | Bought a scroll of identify for 20 gold pieces
  2377 | D:3      | Reached XP level 5. HP: 41/41 MP: 5/8
  2381 | D:3      | Reached skill level 1 in Shields
  2421 | D:3      | Noticed Natasha
  2464 | D:3      | Found a glowing drain.
  2476 | Sewer    | Entered a sewer
  2522 | Sewer    | Noticed a kobold brigand
  2535 | Sewer    | Killed a kobold brigand
  2536 | Sewer    | Reached skill level 3 in Shields
  2536 | Sewer    | Reached skill level 3 in Translocations
  2651 | Sewer    | Reached XP level 6. HP: 33/36 MP: 7/9
  2786 | Sewer    | Reached skill level 4 in Fighting
  3330 | D:1      | Bought a scroll of fog for 40 gold pieces
  3494 | D:3      | Noticed Sigmund
  3503 | D:3      | Killed Sigmund
  3504 | D:3      | Reached skill level 5 in Fighting
  3504 | D:3      | Reached XP level 7. HP: 36/56 MP: 7/10
  3784 | D:1      | Bought a scroll of revelation for 75 gold pieces
  4052 | D:3      | Found a hazy altar of Hepliaklqana.
  4301 | D:4      | Found a blossoming altar of Fedhas.
  4341 | D:4      | Reached skill level 4 in Conjurations
  4437 | D:4      | Found a staircase to the Ecumenical Temple.
  4443 | Temple   | Entered the Ecumenical Temple
  4580 | D:4      | Reached skill level 4 in Shields
  4580 | D:4      | Reached skill level 4 in Translocations
  4816 | D:1      | Bought a scroll of immolation for 40 gold pieces
  5395 | D:5      | Entered Level 5 of the Dungeon
  5395 | D:5      | Found Beetezac's Assorted Antiques.
  5537 | D:5      | Bought a scroll labelled BANGAP GEOR for 22 gold pieces
  5548 | D:5      | Reached XP level 8. HP: 64/64 MP: 11/11
  5599 | D:5      | Reached skill level 6 in Fighting
  5599 | D:5      | Reached skill level 5 in Conjurations
  6056 | D:5      | Found a bloodstained altar of Trog.
  6145 | D:5      | Reached skill level 5 in Translocations
  6453 | D:5      | Reached skill level 7 in Fighting
  6601 | D:5      | Found an ornate altar of the Wu Jian Council.
  6608 | D:5      | Became a worshipper of the Wu Jian Council
  6682 | D:5      | Got A Beginning Course on Theurgy
  6968 | D:3      | Killed Natasha
  7157 | D:3      | Noticed Natasha
  7170 | D:3      | Killed Natasha
  7348 | D:3      | Noticed Natasha
  7352 | D:3      | Killed Natasha
  7353 | D:3      | Reached skill level 1 in Short Blades
  7353 | D:3      | Reached skill level 1 in Evocations
  7478 | D:3      | Found a hazy altar of Hepliaklqana.
  7864 | D:6      | Learned a level 3 spell: Swiftness
  8061 | D:6      | Reached skill level 2 in Short Blades
  8061 | D:6      | Reached skill level 1 in Air Magic
  8174 | D:6      | Reached skill level 2 in Air Magic
  8410 | D:6      | Reached skill level 3 in Short Blades
  8540 | D:6      | Reached skill level 3 in Air Magic
  8911 | D:6      | Reached skill level 4 in Air Magic
  8911 | D:6      | Reached XP level 9. HP: 59/72 MP: 12/12
  9043 | D:6      | Reached skill level 5 in Air Magic
  9108 | D:6      | Reached * piety under Wu Jian
  9161 | D:6      | Reached skill level 3 in Spellcasting
  9719 | D:6      | Reached skill level 4 in Spellcasting
 10355 | D:5      | Bought a potion of heal wounds for 110 gold pieces
 10396 | D:7      | Reached skill level 3 in Dodging
 10481 | D:6      | Learned a level 1 spell: Apportation
 10487 | D:6      | Learned a level 5 spell: Irradiate
 10618 | D:7      | Reached skill level 2 in Evocations
 10655 | D:7      | Reached skill level 1 in Alchemy
 10785 | D:7      | Noticed a troll
 11000 | D:7      | Found a sparkling altar of Nemelex Xobeh.
 11119 | D:7      | Noticed Prince Ribbit
 11133 | D:7      | Killed Prince Ribbit
 11134 | D:7      | Reached skill level 4 in Dodging
 11134 | D:7      | Reached skill level 3 in Evocations
 11359 | D:7      | Reached skill level 2 in Alchemy
 11543 | D:7      | Found a runed translucent door.
 11545 | D:7      | Found a runed translucent door.
 11899 | D:7      | Killed a troll
 11900 | D:7      | Reached skill level 5 in Spellcasting
 11900 | D:7      | Reached skill level 6 in Conjurations
 12135 | D:7      | Noticed a two-headed ogre
 12170 | D:7      | Killed a two-headed ogre
 12171 | D:7      | Reached skill level 4 in Short Blades
 12171 | D:7      | Reached skill level 3 in Alchemy
 12171 | D:7      | Reached XP level 10. HP: 53/79 MP: 12/18
 12861 | D:4      | Noticed Pikel
 12872 | D:4      | Killed Pikel
 12873 | D:4      | Reached skill level 5 in Short Blades
 12873 | D:4      | Reached skill level 4 in Alchemy
 12966 | D:5      | Bought a glowing granite ring for 110 gold pieces
 13094 | D:7      | Learned a level 3 spell: Mephitic Cloud
 13440 | D:8      | Reached skill level 7 in Conjurations
 13586 | D:8      | Noticed Maurice
 13628 | D:8      | Reached skill level 6 in Spellcasting
 13656 | D:8      | Reached ** piety under Wu Jian
 13841 | D:8      | Paralysed by a hornet for 3 turns
 13847 | D:8      | Reached skill level 6 in Short Blades
 14578 | D:9      | Noticed a sun demon
 14683 | D:9      | Reached skill level 5 in Alchemy
 14978 | D:10     | Entered Level 10 of the Dungeon
 15023 | D:10     | Noticed Maggie
 15156 | D:10     | Paralysed by Maggie for 2 turns
 15160 | D:10     | Killed Maggie
 15161 | D:10     | Reached skill level 7 in Short Blades
 15417 | D:10     | Noticed Grum
 15536 | D:10     | Noticed a two-headed ogre
 15550 | D:10     | Killed a two-headed ogre
 15551 | D:10     | Reached skill level 8 in Short Blades
 15551 | D:10     | Reached skill level 8 in Conjurations
 15551 | D:10     | Reached skill level 6 in Alchemy
 15551 | D:10     | Reached XP level 11. HP: 68/84 MP: 13/20
 15721 | D:10     | Found a snail-covered altar of Cheibriados.
 16264 | D:10     | Killed Grum
 16265 | D:10     | Reached skill level 9 in Short Blades
 16972 | D:11     | Reached skill level 7 in Alchemy
 16990 | D:11     | Reached skill level 9 in Conjurations
 17103 | D:11     | Learned a level 2 spell: Mercury Vapours
 17290 | D:11     | Noticed Sonja
 17294 | D:11     | Killed Sonja
 17981 | D:11     | Reached skill level 8 in Alchemy
 18098 | D:11     | Found a staircase to the Lair.
 18412 | Lair:1   | Entered Level 1 of the Lair of Beasts
 18477 | Lair:1   | Reached skill level 10 in Conjurations
 18915 | Lair:1   | Noticed Gastronok
 18936 | Lair:1   | Killed Gastronok
 18937 | Lair:1   | Reached skill level 9 in Alchemy
 19345 | Lair:1   | Found a snail-covered altar of Cheibriados.
 19447 | Lair:1   | Reached skill level 10 in Alchemy
 19481 | Lair:1   | Reached XP level 12. HP: 33/91 MP: 4/21
 19505 | Lair:1   | Reached *** piety under Wu Jian
 19527 | Lair:1   | Reached skill level 7 in Spellcasting
 19777 | Lair:1   | Reached skill level 8 in Fighting
 20582 | Lair:2   | Noticed a seven-headed hydra
 20847 | Lair:2   | Reached skill level 9 in Fighting
 20926 | Lair:2   | Reached skill level 1 in Armour
 20999 | Lair:2   | Found a staircase to the Snake Pit.
 21065 | Lair:2   | Reached skill level 2 in Armour
 21534 | Lair:2   | Reached skill level 3 in Armour
 22070 | Lair:2   | Reached skill level 4 in Armour
 22072 | Lair:2   | Reached **** piety under Wu Jian
 22317 | Lair:2   | Found a staircase to the Swamp.
 22338 | Lair:2   | Reached skill level 11 in Conjurations
 22338 | Lair:2   | Reached skill level 11 in Alchemy
 22602 | Lair:2   | Killed a five-headed hydra
 22676 | Lair:2   | Reached skill level 4 in Evocations
 22770 | Lair:2   | Reached skill level 5 in Armour
 23135 | Lair:3   | Reached skill level 5 in Dodging
 23157 | Lair:3   | Gained mutation: You can hop long distances. [Barachi
                  | growth]
 23157 | Lair:3   | Reached XP level 13. HP: 81/101 MP: 20/23
 23307 | Lair:3   | Noticed Nessos
 23309 | Lair:3   | Nessos changed into Nessos the hog
 23309 | Lair:3   | Noticed Nessos
 23325 | Lair:3   | Killed Nessos the hog
 23478 | Lair:3   | Reached skill level 10 in Fighting
 23478 | Lair:3   | Reached skill level 5 in Evocations
 23602 | Lair:3   | Reached skill level 6 in Armour
 23724 | Lair:3   | Reached skill level 6 in Dodging
 24876 | Lair:4   | Reached skill level 6 in Evocations
 24909 | Lair:4   | Reached skill level 7 in Armour
 24931 | Lair:4   | Reached skill level 7 in Dodging
 25089 | Lair:4   | You are sucked into a shaft and drop 1 floor!
 25089 | Lair:5   | Entered Level 5 of the Lair of Beasts
 25102 | Lair:5   | Found a gate leading to a gauntlet.
 25111 | Gauntlet | Entered a Gauntlet
 25111 | Gauntlet | Found a transporter.
 25111 | Gauntlet | Found a transporter.
 25129 | Gauntlet | Found a transporter.
 25138 | Gauntlet | Found a transporter.
 25142 | Gauntlet | Found a runed translucent door.
 25144 | Gauntlet | Found a runed translucent door.
 25146 | Gauntlet | Found a transporter.
 25150 | Gauntlet | Found a transporter.
 25156 | Gauntlet | Noticed a reaper
 25158 | Gauntlet | Found a transporter.
 25173 | Gauntlet | Found a runed translucent gate.
 25174 | Gauntlet | Found a transporter.
 25174 | Gauntlet | Found a runed translucent gate.
 25175 | Gauntlet | Found a runed translucent gate.
 25188 | Gauntlet | Found a transporter.
 25192 | Gauntlet | Found a transporter.
 25196 | Gauntlet | Found a runed translucent door.
 25196 | Gauntlet | Found a runed translucent door.
 25200 | Gauntlet | Found a transporter.
 25204 | Gauntlet | Found a transporter.
 25539 | Gauntlet | Reached skill level 8 in Spellcasting
 25622 | Gauntlet | Learned a level 4 spell: Petrify
 25636 | Gauntlet | Identified the +4 arbalest "Ciesin" {heavy, Int+2}
 25636 | Gauntlet | Noticed a minotaur
 25645 | Gauntlet | Killed a minotaur
 25775 | Gauntlet | Learned a level 4 spell: Olgreb's Toxic Radiance
 25787 | Lair:5   | Reached skill level 1 in Earth Magic
 25789 | Lair:5   | Reached ***** piety under Wu Jian
 25793 | Lair:5   | Reached skill level 2 in Earth Magic
 25814 | Lair:5   | Identified the ring "Omeogyim" {rPois rN+ Str+2 Int+4}
 25965 | Lair:5   | Reached skill level 3 in Earth Magic
 26089 | Lair:5   | Reached skill level 11 in Fighting
 26140 | Lair:5   | Reached XP level 14. HP: 106/113 MP: 18/26
 26218 | Lair:5   | Reached skill level 4 in Earth Magic
 26219 | Lair:5   | Reached skill level 12 in Alchemy
 26290 | Lair:5   | Reached skill level 12 in Fighting
 26690 | Lair:5   | Reached skill level 8 in Dodging
 26690 | Lair:5   | Reached skill level 7 in Evocations
 26871 | Lair:5   | Reached skill level 8 in Evocations
 26873 | Lair:5   | Reached ****** piety under Wu Jian
 26874 | Lair:5   | Reached skill level 9 in Dodging
 27197 | Lair:5   | Reached skill level 1 in Shapeshifting
 27206 | Lair:5   | Reached skill level 9 in Evocations
 27328 | Lair:5   | Reached skill level 2 in Shapeshifting
 27526 | Lair:5   | Reached skill level 10 in Dodging
 27571 | Lair:5   | Reached skill level 3 in Shapeshifting
 27695 | Lair:5   | Reached skill level 4 in Shapeshifting
 27883 | Lair:5   | Reached XP level 15. HP: 120/120 MP: 24/27
 28009 | Lair:5   | Reached skill level 5 in Shapeshifting
 28260 | Lair:5   | Reached skill level 6 in Shapeshifting
 28952 | Lair:4   | Reached skill level 7 in Shapeshifting
 29189 | Lair:4   | Reached skill level 8 in Shapeshifting
 29476 | Lair:4   | Found a staircase to the Slime Pits.
 29478 | Lair:4   | Found a viscous altar of Jiyva.
 30018 | D:12     | Reached skill level 9 in Shapeshifting
 30330 | D:12     | You fall into a shaft and drop 3 floors!
 30330 | D:15     | Entered Level 15 of the Dungeon
 30633 | D:14     | Reached skill level 10 in Shapeshifting
 31568 | D:13     | Learned a level 3 spell: Passwall
 32168 | D:9      | Found Acsag's Weapon Boutique.
 32173 | D:9      | Found a staircase to the Orcish Mines.
 32621 | D:8      | Killed Maurice
 32967 | Orc:1    | Entered Level 1 of the Orcish Mines
 32971 | Orc:1    | Noticed an orc warlord
 32977 | Orc:1    | Reached skill level 13 in Fighting
 32984 | Orc:1    | Killed an orc warlord
 33188 | Orc:1    | Found a roughly hewn altar of Beogh.
 33195 | Orc:1    | Found a roughly hewn altar of Beogh.
 33448 | Orc:1    | Found Xeetiqiq's General Store.
 33695 | Orc:2    | Entered Level 2 of the Orcish Mines
 33695 | Orc:2    | Found a transporter.
 33698 | Orc:2    | Noticed an orc warlord
 33701 | Orc:2    | Reached XP level 16. HP: 132/132 MP: 24/28
 33710 | Orc:2    | Reached skill level 14 in Fighting
 34019 | Orc:2    | Noticed Struensee's ghost (journeyman MDBe)
 34096 | Orc:2    | Found a transporter.
 34174 | Orc:2    | Paralysed by an orc sorcerer for 5 turns
 34186 | Orc:2    | Paralysed by something for 2 turns
 34193 | Orc:2    | Found Xylon's Jewellery Shop.
 34339 | Orc:2    | Found an ancient bone altar of Kikubaaqudgha.
 34344 | Orc:2    | Paralysed by an orc sorcerer for 3 turns
 34347 | Orc:2    | Reached skill level 15 in Fighting
 34372 | Orc:2    | Noticed Erolcha
 34379 | Orc:2    | Killed Erolcha
 34380 | Orc:2    | Reached skill level 11 in Shapeshifting
 34534 | Orc:2    | Found a radiant altar of Vehumet.
 34552 | Orc:2    | Found a roughly hewn altar of Beogh.
 34553 | Orc:2    | Found Fikk's Antique Armour Shop.
 34553 | Orc:2    | Found Vivevikk's Jewellery Boutique.
 34565 | Orc:2    | Found Zoruuc's Magic Scroll Shop.
 34679 | Orc:2    | Bought the amulet "Guestrule" {RegenMP +Blink Str+4 Int-3}
                  | for 691 gold pieces
 34702 | Orc:2    | Bought a scroll of blinking for 82 gold pieces
 35746 | D:13     | Reached skill level 12 in Shapeshifting
 36378 | D:14     | Found a gate to the Vaults.
 36839 | D:15     | Found a staircase to the Depths.
 36852 | D:15     | Reached skill level 13 in Shapeshifting
 37611 | Swamp:1  | Entered Level 1 of the Swamp
 37619 | Swamp:1  | Learned a level 4 spell: Fulminant Prism
 37663 | Swamp:1  | Reached skill level 14 in Shapeshifting
 37679 | Swamp:1  | Noticed Donald
 37734 | Swamp:1  | Killed Donald
 37777 | Swamp:1  | Noticed Mlioglotl
 37785 | Swamp:1  | Noticed an ancient lich
 37791 | Swamp:1  | Killed Mlioglotl
 38144 | Swamp:1  | Reached XP level 17. HP: 142/142 MP: 23/29
 38158 | Swamp:1  | Noticed Nikola
 38184 | Swamp:1  | Killed Nikola
 38185 | Swamp:1  | Reached skill level 15 in Shapeshifting
 39363 | Swamp:2  | Reached skill level 16 in Shapeshifting
 40497 | Swamp:3  | Identified the +0 cloak of Pantheism {rF+ rC- Regen+
                  | Stlth+}
 41001 | Swamp:4  | Entered Level 4 of the Swamp
 41051 | Swamp:4  | Gained mutation: You are frail. (-10% HP) [mutagenic glow]
 41056 | Swamp:4  | Reached skill level 17 in Shapeshifting
 41101 | Swamp:3  | Lost mutation: You are frail. (-10% HP) [potion of
                  | mutation]
 41101 | Swamp:3  | Gained mutation: Your mind is acute. (Int +4, Str/Dex -1)
                  | [potion of mutation]
 41101 | Swamp:3  | Gained mutation: You possess an exceptional clarity of
                  | mind. [potion of mutation]
 41101 | Swamp:3  | Gained mutation: You have a pair of small horns on your
                  | head. [potion of mutation]
 41101 | Swamp:3  | Gained mutation: You are strong-willed. (Will+) [potion of
                  | mutation]
 41841 | Swamp:4  | Learned a level 4 spell: Leda's Liquefaction
 42645 | Swamp:4  | Reached skill level 18 in Shapeshifting
 42883 | Swamp:4  | Noticed a tentacled monstrosity
 42902 | Swamp:4  | Killed a tentacled monstrosity
 42903 | Swamp:4  | Reached XP level 18. HP: 127/146 MP: 15/30
 43304 | Swamp:4  | Got a decaying rune of Zot
 43546 | Snake:1  | Entered Level 1 of the Snake Pit
 43546 | Snake:1  | Noticed Frances
 43557 | Snake:1  | Killed Frances
 43633 | Snake:1  | Noticed Asterion
 43643 | Snake:1  | Killed Asterion
 43644 | Snake:1  | Reached skill level 19 in Shapeshifting
 43895 | Snake:1  | Identified the serpent talisman "Teann" {rElec}
 43895 | Snake:1  | Noticed Aizul
 44078 | Snake:1  | Killed Aizul
 44331 | Snake:1  | Found Ecykhlim's Jewellery Boutique.
 44453 | Snake:1  | Reached skill level 1 in Unarmed Combat
 44560 | Snake:2  | Reached skill level 2 in Unarmed Combat
 44573 | Snake:2  | Found Adeaze Eloonn's General Store.
 44574 | Snake:2  | Found Neamne's Jewellery Emporium.
 44592 | Snake:2  | Bought a wand of light (5) for 252 gold pieces
 44596 | Snake:2  | Found Kaaqu's Armour Shop.
 44596 | Snake:2  | Found Ricuf's Distillery.
 44611 | Snake:2  | Bought a potion of heal wounds for 85 gold pieces
 44611 | Snake:2  | Bought a potion of cancellation for 136 gold pieces
 44918 | Snake:2  | Reached skill level 3 in Unarmed Combat
 45058 | Snake:2  | Noticed Azrael
 45065 | Snake:2  | Killed Azrael
 45168 | Snake:2  | Found a runed translucent door.
 45168 | Snake:2  | Found a shimmering altar of Xom.
 45169 | Snake:2  | Noticed Kuunicon's ghost (adept DsGl)
 45244 | Snake:2  | Reached skill level 4 in Unarmed Combat
 45244 | Snake:2  | Reached skill level 20 in Shapeshifting
 45541 | Snake:2  | Reached skill level 5 in Unarmed Combat
 45777 | Snake:3  | Reached skill level 6 in Unarmed Combat
 45968 | Snake:2  | Reached skill level 7 in Unarmed Combat
 46072 | Snake:3  | Found Ylae's General Store.
 46072 | Snake:3  | Found Xaelity's Magic Scroll Emporium.
 46077 | Snake:3  | Found Jodup's Antique Armour Shoppe.
 46120 | Snake:3  | Noticed Vashnia
 46128 | Snake:3  | Vashnia changed into Vashnia the sphinx
 46128 | Snake:3  | Noticed Vashnia
 46221 | Snake:3  | Reached skill level 8 in Unarmed Combat
 46614 | Snake:3  | Reached XP level 19. HP: 141/155 MP: 19/31
 46651 | Snake:3  | Reached skill level 9 in Unarmed Combat
 47179 | Snake:3  | Killed Vashnia the sphinx
 47334 | Snake:4  | Entered Level 4 of the Snake Pit
 47387 | Snake:4  | Reached skill level 10 in Unarmed Combat
 47817 | Snake:4  | Found Giuprovo's Book Boutique.
 47821 | Snake:4  | Found Xavvaat's Book Boutique.
 47826 | Snake:4  | Found Kiotz's Jewellery Shoppe.
 47856 | Snake:4  | Reached skill level 11 in Unarmed Combat
 48829 | Snake:4  | Reached skill level 21 in Shapeshifting
 49177 | Snake:4  | Reached skill level 12 in Unarmed Combat
 49961 | Snake:4  | Reached XP level 20. HP: 144/162 MP: 19/32
 50169 | Snake:4  | Got a serpentine rune of Zot
 50530 | Orc:2    | Bought a storm talisman for 1200 gold pieces
 50760 | Orc:2    | Killed Struensee's ghost
 50905 | Orc:2    | Found a staircase to the Elven Halls.
 50929 | Orc:2    | Found a burning altar of Makhleb.
 51241 | Elf:1    | Entered Level 1 of the Elven Halls
 51298 | Orc:2    | Bought a ring of protection from fire for 375 gold pieces
 51495 | Elf:1    | Found Ymamurphu's Antique Armour Emporium.
 51496 | Elf:1    | Found Omnoem's Magic Scroll Shoppe.
 51943 | Elf:1    | Reached skill level 22 in Shapeshifting
 52487 | Elf:1    | Got the Enchiridion on the Gaseous Serac
 53254 | Elf:2    | Found Viug's Assorted Antiques.
 53860 | Elf:2    | Reached skill level 23 in Shapeshifting
 53863 | Elf:2    | Reached skill level 13 in Unarmed Combat
 53875 | Elf:2    | Found a runed translucent gate.
 53876 | Elf:2    | Found a runed translucent gate.
 53876 | Elf:2    | Found a runed translucent gate.
 53930 | Elf:3    | Entered Level 3 of the Elven Halls
 53930 | Elf:3    | Found Voism's General Store.
 54149 | Elf:3    | Found a runed translucent gate.
 54149 | Elf:3    | Found a runed translucent gate.
 54149 | Elf:3    | Found a runed translucent gate.
 54150 | Elf:3    | Noticed Lajad's ghost (adept OpFE)
 54151 | Elf:3    | Noticed Teimean's ghost (adept DsNe)
 54248 | Elf:3    | Found Cacwua's General Store.
 54377 | Elf:3    | Found Xeatuzi's Magic Scroll Boutique.
 54530 | Elf:3    | Found Qoxaff's Assorted Antiques.
 55144 | Vaults:1 | Entered Level 1 of the Vaults
 55348 | Vaults:1 | Found Mokhlibom's Armour Shop.
 55496 | Vaults:1 | Found a magical portal.
 55581 | WizLab   | Entered The Hall of the Hellbinder
 55788 | Vaults:1 | Reached skill level 16 in Fighting
 55811 | Vaults:1 | Reached skill level 14 in Unarmed Combat
 55814 | Vaults:1 | Reached XP level 21. HP: 160/171 MP: 28/33
 57060 | Vaults:2 | Reached skill level 17 in Fighting
 57177 | Vaults:2 | Reached skill level 15 in Unarmed Combat
 58164 | Snake:1  | Bought the brooch of Shielding {Spirit SH+8} for 975 gold
                  | pieces
 58164 | Snake:1  | Found the brooch of Shielding {Spirit SH+8}
 59872 | Elf:3    | Identified the +1 quarterstaff of Yredelemnul {spect,
                  | ^Fragile +Blink Str+3 SInv}
 60628 | Elf:3    | Identified the +5 flail of Hakom {freeze, Fly SInv}
 61407 | Elf:3    | Reached skill level 18 in Fighting
 61783 | Elf:3    | Reached skill level 11 in Dodging
 61899 | Elf:3    | Reached skill level 16 in Unarmed Combat
 61899 | Elf:3    | Identified the +1 flail "Ynwealon" {flame, rC+++ Str-5}
 62260 | Elf:3    | Identified the +1 ring mail "Pighuink" {Rampage Str+3}
 62565 | Elf:3    | Identified the amulet of Cuor {Faith ^Drain MP+9 Dex+4
                  | Stlth+}
 62863 | Elf:3    | Identified the +0 leather armour of a bailey {Regen+ Str+5
                  | Dex-3}
 62876 | Elf:3    | Reached XP level 22. HP: 185/185 MP: 31/34
 63161 | Elf:3    | Got the Lectures on Associated Congelation
 63196 | Elf:3    | Got Guaw's Annotations on Hypothermia and Coordinates
 63374 | Elf:3    | Learned a level 2 spell: Blink
 63379 | Elf:3    | Learned a level 4 spell: Manifold Assault
 63782 | Snake:4  | Bought a ring of protection from cold for 350 gold pieces
 64203 | Vaults:2 | Found Yjabroi's Jewellery Emporium.
 64671 | Vaults:3 | Found a staircase to the Crypt.
 64717 | Vaults:3 | Reached skill level 6 in Translocations
 64796 | Vaults:3 | Noticed a dread lich
 64807 | Vaults:3 | Killed a dread lich
 64918 | Vaults:3 | Reached skill level 12 in Dodging
 65010 | Vaults:3 | Reached skill level 7 in Translocations
 65250 | Vaults:3 | Found Gappones's Distillery.
 65374 | Vaults:3 | Reached skill level 8 in Translocations
 65423 | Vaults:3 | Reached skill level 19 in Fighting
 65825 | Vaults:3 | Reached skill level 9 in Translocations
 66405 | Vaults:3 | Upgraded the game from 0.32-a0-418-g34023cf50c to
                  | 0.32-a0-427-g448f42529f
 66508 | Vaults:4 | Reached skill level 10 in Translocations
 66538 | Vaults:4 | Reached skill level 13 in Dodging
 67743 | Depths:1 | Entered Level 1 of the Depths
 67762 | Depths:1 | Found a one-way gate leading to the halls of Pandemonium.
 67771 | Depths:1 | Reached XP level 23. HP: 153/196 MP: 28/35
 67876 | Depths:1 | Noticed Sojobo
 67886 | Depths:1 | Killed Sojobo
 68162 | Depths:1 | Reached skill level 20 in Fighting
 68162 | Depths:1 | Reached skill level 17 in Unarmed Combat
 68590 | Depths:1 | Reached skill level 14 in Dodging
 68620 | Depths:1 | Identified the +3 demon trident of Linearity {elec, Stlth+}
 68815 | Depths:1 | Identified the +1 demon trident "Utritoh" {freeze, rF+ rC+
                  | Dex-5}
 68824 | Depths:1 | Found a gateway to Hell.
 69237 | Depths:1 | Found a bloodstained altar of Trog.
 69547 | Depths:1 | Found a one-way gate to the infinite horrors of the Abyss.
 70188 | Depths:2 | Reached skill level 15 in Dodging
 70188 | Depths:2 | Reached skill level 18 in Unarmed Combat
 70798 | Depths:2 | Noticed a golden dragon
 70811 | Depths:2 | Killed a golden dragon
 70832 | Depths:2 | Reached skill level 19 in Unarmed Combat
 70911 | Depths:2 | Noticed a juggernaut
 70920 | Depths:2 | Killed a juggernaut
 70967 | Depths:2 | Identified the +1 war axe of Potuas {venom, Dex+3}
 70981 | Depths:2 | Identified the +0 sling of Xusham {flame, rC+ MP+9 Str+2
                  | Int+2}
 71512 | Depths:2 | Reached skill level 20 in Unarmed Combat
 71523 | Depths:2 | Reached XP level 24. HP: 147/204 MP: 25/35
 73117 | Depths:4 | Entered Level 4 of the Depths
 73165 | Depths:4 | Found a sacrificial altar of Ru.
 73459 | Depths:4 | Found a gate to the Realm of Zot.
 73510 | Depths:4 | Found a one-way gateway to a ziggurat.
 73522 | Depths:4 | Reached skill level 21 in Unarmed Combat
 73966 | Depths:4 | Found a portal to a secret trove of treasure.
 74661 | Orc:2    | Bought a scroll of fear for 44 gold pieces
 74795 | Elf:2    | Bought a scroll of fear for 120 gold pieces
 75167 | Depths:4 | You paid a toll of 7 scrolls of fear to enter a treasure
                  | trove
 75168 | Trove    | Entered a treasure trove
 75175 | Trove    | Identified the +1 cloak of Cheibriados's Envy {*Slow +Inv
                  | rF++ Slay+3}
 75193 | Trove    | Identified the -1 pair of boots of Salvation {rElec Str+2}
 75264 | Trove    | Identified the +7 tower shield of Weirdness {rC+ Str+4}
 75265 | Trove    | Identified the +8 tower shield of Defence {Rampage *Corrode
                  | +Inv rC+++}
 75293 | Trove    | Identified the +0 helmet of the Avant Garde God {Will+ MP+9
                  | Int+2}
 75987 | Crypt:1  | Entered Level 1 of the Crypt
 76300 | Crypt:1  | Noticed Saint Roka
 76310 | Crypt:1  | Reached skill level 24 in Shapeshifting
 76318 | Crypt:1  | Killed Saint Roka
 76722 | Crypt:1  | Found the +8 orange crystal plate armour {Archmagi, Int+3
                  | Clar}
 77891 | Crypt:2  | Reached XP level 25. HP: 210/210 MP: 35/35
 78018 | Crypt:2  | Reached skill level 25 in Shapeshifting
 78033 | Crypt:1  | Found a basalt altar of Yredelemnul.
 78148 | Crypt:3  | Entered Level 3 of the Crypt
 78314 | Crypt:3  | Found a basalt altar of Yredelemnul.
 78944 | Crypt:3  | Found a staircase to the Tomb.
 79277 | Crypt:3  | Reached skill level 26 in Shapeshifting
 79375 | Crypt:3  | Found an ancient bone altar of Kikubaaqudgha.
 79380 | Crypt:3  | Found a basalt altar of Yredelemnul.
 79443 | Crypt:3  | Got the Precepts of Death
 79446 | Crypt:3  | Identified the +11 long sword "Oluixze" {protect, rN+ Will+
                  | Int+2 Stlth+}
 79454 | Crypt:3  | Identified the ring of Midnight {rF+ Dex+3 Slay+4}
 79831 | Snake:4  | Bought the ring of the Tortoise {AC+8} for 1792 gold pieces
 79831 | Snake:4  | Found the ring of the Tortoise {AC+8}
 80219 | Vaults:5 | Entered Level 5 of the Vaults
 80221 | Vaults:5 | Noticed an ancient lich
 80234 | Vaults:5 | Killed an ancient lich
 80284 | Vaults:5 | Got a silver rune of Zot
 80293 | Vaults:5 | Identified the ring of Mihuofi {rPois rF+ Dex+6 Stlth+}
 80467 | Vaults:5 | Identified the ring of the Evening {rElec rN+ Str+6}
 80481 | Vaults:5 | Identified the amulet of the Muttering Gods {Fly rPois
                  | Will- Regen+ Slay-5}
 80495 | Vaults:5 | Reached skill level 27 in Shapeshifting
 80791 | Vaults:5 | Reached XP level 26. HP: 201/219 MP: 35/35
 80839 | Vaults:5 | Got the Handbook of Support and Destiny
 81259 | Vaults:5 | Identified the +5 ring mail of Untoboc {rC+ rCorr}
 81260 | Vaults:5 | Identified the amulet "Hakaps" {Acrobat rF+ rN++}
 81357 | Vaults:5 | Reached skill level 22 in Unarmed Combat
 81375 | Vaults:5 | Reached skill level 16 in Dodging
 81823 | Zot:1    | Entered Level 1 of the Realm of Zot
 82076 | Orc:1    | Bought a potion of mutation for 112 gold pieces
 82273 | Snake:2  | Bought a potion of resistance for 170 gold pieces
 82273 | Snake:2  | Bought a potion of curing for 51 gold pieces
 82273 | Snake:2  | Bought a potion of haste for 170 gold pieces
 82316 | Snake:3  | Bought a scroll of teleportation for 51 gold pieces
 82316 | Snake:3  | Bought a scroll of teleportation for 51 gold pieces
 82318 | Snake:3  | Bought a potion of curing for 48 gold pieces
 83020 | Vaults:3 | Bought a potion of haste for 180 gold pieces
 83020 | Vaults:3 | Bought a potion of heal wounds for 90 gold pieces
 83020 | Vaults:3 | Bought a potion of heal wounds for 90 gold pieces
 83020 | Vaults:3 | Bought a potion of haste for 180 gold pieces
 83408 | Zot:1    | Reached skill level 21 in Fighting
 85239 | Zot:1    | Noticed an orb of fire
 85247 | Zot:1    | Killed an orb of fire
 85495 | Zot:3    | Reached skill level 17 in Dodging
 85517 | Zot:3    | Reached skill level 22 in Fighting
 85568 | Zot:2    | Reached skill level 23 in Unarmed Combat
 85905 | Zot:3    | Identified the +8 trident "Eguuckyq" {antimagic, rPois rC+
                  | Str+2 Int+3}
 86069 | Zot:4    | Reached XP level 27. HP: 184/231 MP: 10/35
 86190 | Zot:5    | Entered Level 5 of the Realm of Zot
 86434 | Zot:5    | Identified a scroll of acquirement
 86449 | Zot:5    | Acquired the ring "Ciynitaw" {+Blink rN+ SInv}
 87053 | Zot:5    | Learned a level 3 spell: Fugue of the Fallen
 87070 | Zot:5    | Reached skill level 18 in Dodging
 87075 | Zot:5    | Noticed a dread lich
 87082 | Zot:5    | Noticed an orb of fire
 87082 | Zot:5    | Noticed an orb of fire
 87082 | Zot:5    | Noticed an orb of fire
 87083 | Zot:5    | Killed a dread lich
 87085 | Zot:5    | Killed an orb of fire
 87086 | Zot:5    | Killed an orb of fire
 87088 | Zot:5    | Noticed an orb of fire
 87089 | Zot:5    | Noticed an orb of fire
 87089 | Zot:5    | Killed an orb of fire
 87090 | Zot:5    | Noticed a dread lich
 87092 | Zot:5    | Killed an orb of fire
 87097 | Zot:5    | Killed an orb of fire
 87098 | Zot:5    | Reached skill level 23 in Fighting
 87098 | Zot:5    | Noticed an orb of fire
 87102 | Zot:5    | Noticed an ancient lich
 87102 | Zot:5    | Killed a dread lich
 87103 | Zot:5    | Killed an orb of fire
 87104 | Zot:5    | Noticed a dread lich
 87112 | Zot:5    | Killed an ancient lich
 87119 | Zot:5    | Reached skill level 24 in Unarmed Combat
 87119 | Zot:5    | Killed a dread lich
 87123 | Zot:5    | Reached skill level 19 in Dodging
 87219 | Zot:5    | Noticed a dread lich
 87225 | Zot:5    | Killed a dread lich
 87787 | Zot:5    | Got the Orb of Zot
 87906 | Zot:1    | Noticed Zimiekk the pandemonium lord
 88213 | D:7      | Noticed Suixze the pandemonium lord
 88221 | D:7      | Killed Suixze the pandemonium lord
 88380 | D:$      | Escaped with the Orb!

Illustrated notes

Levels and vault maps discovered:
D:1:      dpeg_arrival_rooms_c, layout_rooms, serial_shops, shop,
          chequers_ecumenical_altar_lobes, moated_statue,
          nicolae_kite_square_tiling_tiny, hangedman_glass_garden
D:2:      layout_basic, amethyst_killhole, minivault_19
D:3:      layout_loops_ring, nzn_hepliaklqana_mist_gate,
          gup_sewer_entry_bubbles, st_stairs_1, minmay_starry_boxes,
          uniq_natasha, uniq_sigmund
D:4:      layout_loops_ring, fedhas_altar_3,
          minmay_temple_entry_drinking_statues, hangedman_abyss_or_decor_passed,
          hangedman_decor_points, minmay_surrounded, uniq_pikel
D:5:      layout_basic, nicolae_wu_jian_glorious_leap,
          mainiacjoe_overflow_small_starburst, serial_shops,
          nicolae_shop_hallway_stairs
D:6:      layout_rooms, serial_bayou_lake_a
D:7:      lemuel_insect_pit, layout_cave_pods, amcnicky_altar_gilded,
          minmay_manual_macuahuitl, uniq_prince_ribbit1
D:8:      layout_cave_pods, uniq_maurice
D:9:      layout_roguey, orc_david_3, nicolae_demonic_statue_gallery
D:10:     layout_loops_ring, kennysheep_mini_moat, serial_bayou_pond_b,
          uniq_grum, uniq_maggie
D:11:     layout_gridville, david_lair_generic, minivault_5, uniq_sonja
D:12:     layout_long_grid, kennysheep_crisscross, minivault_20,
          minmay_fractal_squares_gapless_7
D:13:     layout_roguey, due_unseen_surprise
D:14:     minmay_spotlight, layout_loops_cross,
          hellmonk_vaults_attempted_burglary
D:15:     hangedman_depths_entry_civil_slaughter, layout_loops_corners,
          minmay_misc_feat_square
Temple:   kb_temple_of_zot
Lair:1:   layout_cave_pods, basic_altar, uniq_gastronok
Lair:2:   lemuel_reptile_caves, layout_long_grid, minmay_swamp_entry_swarm,
          guppyfry_snake_entry_island
Lair:3:   layout_roguey, nicolae_lair_grazing_beasts
          [nicolae_sub_lair_graze_edge, nicolae_sub_lair_graze_edge,
          nicolae_sub_lair_graze_edge, nicolae_sub_lair_graze_edge], uniq_nessos
Lair:4:   layout_loops_ring, nicolae_slime_entry_slimehenge,
          portal_ice_cave_entry_pillars_2, beast_lair_carwin_7
Lair:5:   hangedman_lair_caniforms_friends, layout_long_grid, wormcave,
          gauntlet_entry_generic, st_stairs_3, infiniplex_staircase_pool,
          grunt_megastairs_3
Swamp:1:  layout_falls_marsh, serial_swamp_ruin, evilmike_swamp_ruin_rubble_2,
          hangedman_swamp_ruin_wall, uniq_mlioglotl, uniq_donald, uniq_nikola
Swamp:2:  layout_falls_marsh, nicolae_swamp_fairy_circle, swamp_pool_1_2,
          nicolae_swamp_decorative_isthmus
Swamp:3:  layout_basic_swamp, nicolae_swamp_stair_fork, swamp_pool_1_2,
          nicolae_swamp_feature_on_the_river_bank
Swamp:4:  nzn_swamp_witches_coven, layout_basic_swamp
Snake:1:  layout_cave_shapes, serial_shops, shop, drop_trap, lemuel_fruit_tree,
          uniq_frances, uniq_aizul, uniq_asterion
Snake:2:  layout_concentric_octagons, ebering_ghost_xom,
          nicolae_snake_serpentine_bazaar, uniq_azrael
Snake:3:  layout_layer_cave, minmay_shop_star, uniq_vashnia
Snake:4:  johnstein_snake_rune_scales, layout_basic, drop_trap,
          nicolae_snake_herptile_family_reunion, minmay_shop_grove
Orc:1:    layout_caves, serial_shops, nicolae_shop_pleasant_corner_grove,
          basic_altar, mines2_david
Orc:2:    kennysheep_orc_mage_school, layout_caves, basic_altar,
          gammafunk_ghost_berserking_beasts, lightli_orcish_oven
Elf:1:    nicolae_elf_arrival_fired_up, layout_loops_corners,
          hangedman_elven_crosses_minicolossus, minmay_shoptagon
Elf:2:    nicolae_elf_blades_crystal_corner, layout_geoelf_octagon,
          serial_shops, shop, serial_aquarium, aquarium_bridge_square
          [aquarium_subvault_bridge, aquarium_subvault_wall,
          aquarium_subvault_wall, aquarium_subvault_balcony],
          aquarium_bridge_straight [aquarium_subvault_bridge,
          aquarium_subvault_window, aquarium_subvault_bridge,
          aquarium_subvault_balcony], aquarium_window_1, aquarium_window_corner,
          aquarium_window_fake, aquarium_view_2d, aquarium_pool_1
Elf:3:    minmay_elf_hall_four_x, layout_geoelf_diagonals,
          gammafunk_ghost_cemetery, serial_shops, shop, nicolae_square_shop,
          nicolae_shop_hallway_plus, nicolae_shop_advertising_works
          [nicolae_subvault_shop_adworks], lemuel_flamethrower_2
Vaults:1: infiniplex_enter_wizlab_spiral, v_alt_pattern_3, vaults_dpeg_ring,
          kb_rosetta, hangedman_vaults_cutoff,
          nicolae_vaults_variable_pillar_hall, nicolae_vaults_ninety_degrees,
          v_misc_18, nicolae_vaults_diamond_1, vaults_room_door_ring,
          nicolae_vaults_storage_closets_2, layout_vaults_big_room,
          serial_shops, shop
Vaults:2: nicolae_vaults_storage_room_statues,
          nicolae_vaults_network_quinsquares
          [nicolae_vaults_network_quincunx_subvault,
          nicolae_vaults_network_quincunx_subvault,
          nicolae_vaults_network_quincunx_subvault,
          nicolae_vaults_network_quincunx_subvault], nicolae_vaults_wrenched,
          nicolae_vaults_know_your_exits, hangedman_vaults_locks,
          nicolae_vaults_theta, v_pattern_5, vaults_room_octagon,
          nicolae_vaults_apartment_1, v_rooms_5, v_misc_23,
          layout_vaults_maze_bifur, serial_shops, shop
Vaults:3: minmay_crypt_entry_simple_corners, v_pattern_3,
          nicolae_vaults_cornered_office, hangedman_vaults_nails,
          nicolae_vaults_closet_pinwheel_5, v_misc_14,
          nicolae_vaults_thirteen_compartments, v_misc_3,
          nicolae_vaults_doubleplus_tesselated, nicolae_vaults_tetromino_T_1,
          nicolae_vaults_cochlea, nicolae_vaults_trapezoid_lopsided_3,
          ontoclasm_vaults_gateway, ontoclasm_vaults_hangar,
          layout_vaults_omnibox, serial_shops, shop
Vaults:4: v_misc_5, nicolae_vaults_mini_display_case, nicolae_vaults_triangles,
          nicolae_vaults_offset_grid_hallway_1, vaults_room_fours,
          nicolae_vaults_little_squares_3, vaults_room_pools,
          nicolae_vaults_gold_heap, ontoclasm_vaults_shuriken, v_misc_19,
          hangedman_vaults_stretched_pinwheel, nicolae_vaults_trapezoid_3,
          vaults_room_pool, layout_vaults_omnicross
Vaults:5
Crypt:1:  layout_misc_corridors, lemuel_upstairs_altar, uniq_saint_roka
Crypt:2:  hangedman_screamer, layout_chaotic_city, uniq_josephina
Crypt:3:  lightli_unholy_cathedral, layout_chaotic_city,
          tomb_entry_forgotten_bobbens, basic_altar, feat_on_display
Depths:1: layout_gridville, glass_columns_a, hellmouth_2,
          abyss_entry_small_statue_room, pan_entry, hex_tiny,
          evilmike_spriggan_trog_shrine, serial_bayou_shore_b, uniq_sojobo
Depths:2: minmay_the_grid_square_5x5_5x5 [minmay_the_grid_square_5x5_hourglass,
          minmay_the_grid_square_5x5_inverted_slash,
          minmay_the_grid_square_5x5_inner_z, minmay_the_grid_square_5x5_comb,
          minmay_the_grid_square_5x5_six, minmay_the_grid_square_5x5_plus,
          minmay_the_grid_square_5x5_prize_monsterx,
          minmay_the_grid_square_5x5_v, minmay_the_grid_square_5x5_prize_waves,
          minmay_the_grid_square_5x5_two_walls_b,
          minmay_the_grid_square_5x5_checkered,
          minmay_the_grid_square_5x5_longway,
          minmay_the_grid_square_5x5_prize_junk,
          minmay_the_grid_square_5x5_mess, minmay_the_grid_square_5x5_corner,
          minmay_the_grid_square_5x5_eight,
          minmay_the_grid_square_5x5_prize_itemx,
          minmay_the_grid_square_5x5_two_walls_a,
          minmay_the_grid_square_5x5_prize_snowflake,
          minmay_the_grid_square_5x5_pentomino_r,
          minmay_the_grid_square_5x5_minivault,
          minmay_the_grid_square_5x5_moneybag,
          minmay_the_grid_square_5x5_beaten_path,
          minmay_the_grid_square_5x5_eight_small,
          minmay_the_grid_square_5x5_doubleslash], layout_cave_pools,
          grunt_pan_entry_sceptre, pf_hell_entry_tar_river
Depths:3: nicolae_cairo_tiling_large_dashed, layout_gridlike,
          hangedman_decor_peaks_small, serial_sigils,
          serial_sigils_hangedman_snap, serial_sigils_hangedman_snap,
          serial_sigils_hangedman_stare, serial_sigils_hangedman_snap,
          minmay_room_of_horrors, hell_entry, amcnicky_mini_corridor_feature
Depths:4: evilmike_zot_entry_diamond, layout_basic, enter_ziggurat_d,
          enter_trove_2, pf_dread_powers_of_hell, rand_demon_pan_entry_3,
          minmay_misc_feat_rows, nicolae_ru_sacrificial_ziggurat,
          serial_bayou_shore_b
Zot:1:    grunt_zot_stairs_mandelzot, layout_basic, st_small_dragon_hoard_1
Zot:2:    layout_gridlike, uniq_tiamat, uniq_parghit
Zot:3:    hangedman_zot_vaults_quadrants, layout_cathedral_of_symmetry
Zot:4:    layout_cathedral_of_symmetry, regret_index_zotdec_twisting_globes
Zot:5:    layout_misc_corridors

Skill      XL: |  1  2  3  4  5  6  7  8  9 10 11 12 13 14 15 16 17 18 19 20 21 22 23 24 25 26 27 |
---------------+----------------------------------------------------------------------------------+-----
Stealth        | 1 2 3 |  3.0
Long Blades    | 4 |  4.0
Fighting       | 3 5 7 9 11 12 13 15 16 18 19 20 22 23 | 23.9
Translocations | 2 3 4 5 10 | 10.0
Shields        | 3 4 |  4.0
Conjurations   | 4 5 6 8 10 11 | 11.0
Short Blades   | 3 4 8 9 |  9.6
Evocations     | 1 3 4 6 9 |  9.0
Air Magic      | 4 5 |  5.0
Spellcasting   | 5 6 7 8 |  8.0
Dodging        | 4 5 7 10 11 13 15 17 19 | 19.5
Alchemy        | 3 6 10 11 12 | 12.0
Armour         | 5 7 |  7.0
Earth Magic    | 3 4 |  4.0
Shapeshifting  | 4 10 14 18 20 21 23 24 27 | 27.0
Unarmed Combat | 8 12 14 16 20 21 23 24 | 24.4

Action                     |  1- 3 |  4- 6 |  7- 9 | 10-12 | 13-15 | 16-18 | 19-21 | 22-24 | 25-27 || total
---------------------------+-------+-------+-------+-------+-------+-------+-------+-------+-------++-------
  Melee: Falchion          |    73 |    77 |       |       |       |       |       |       |       ||   150
         Dagger            |       |    77 |   454 |   897 |   277 |    12 |     1 |       |       ||  1718
         Scimitar          |       |       |       |     4 |     4 |       |       |       |       ||     8
         Staff             |       |       |       |       |   327 |   653 |   213 |       |       ||  1193
         Headbutt          |       |       |       |       |       |   114 |    74 |       |       ||   188
         Unarmed           |       |       |       |       |       |       |   662 |  1401 |  1031 ||  3094
         Punch             |       |       |       |       |       |       |    70 |   207 |   190 ||   467
  Throw: Dart              |       |       |    25 |    28 |     7 |     4 |       |       |       ||    64
         Throwing net      |       |       |       |       |     1 |       |       |       |       ||     1
   Cast: Kiss of Death     |     2 |     3 |     1 |     1 |       |       |       |       |       ||     7
         Momentum Strike   |     1 |    14 |    45 |    63 |    19 |     2 |       |       |       ||   144
         Swiftness         |       |       |     3 |     3 |       |     3 |     2 |       |       ||    11
         Mephitic Cloud    |       |       |       |     2 |       |       |       |       |       ||     2
         Mercury Vapours   |       |       |       |    42 |    27 |       |       |       |       ||    69
         Irradiate         |       |       |       |    31 |    94 |   185 |    97 |     2 |       ||   409
         Olgreb's Toxic Ra |       |       |       |       |   144 |   154 |    85 |     1 |       ||   384
         Passwall          |       |       |       |       |     4 |       |       |       |       ||     4
         Fulminant Prism   |       |       |       |       |       |   140 |    40 |       |       ||   180
         Petrify           |       |       |       |       |       |     1 |     3 |       |       ||     4
         Leda's Liquefacti |       |       |       |       |       |     6 |     2 |     1 |       ||     9
         Manifold Assault  |       |       |       |       |       |       |       |    82 |    80 ||   162
         Fugue of the Fall |       |       |       |       |       |       |       |       |     3 ||     3
 Invoke: Serpent's Lash    |       |       |       |     1 |     1 |     1 |     3 |     6 |     4 ||    16
         Heavenly Storm    |       |       |       |       |       |       |       |       |     2 ||     2
Ability: Hop               |     1 |     1 |     9 |     8 |     1 |     6 |     5 |       |       ||    31
         Lunge             |       |       |    20 |    22 |    30 |    28 |    79 |    89 |    93 ||   361
         Whirlwind         |       |       |    17 |    11 |    64 |    62 |    47 |    31 |    94 ||   326
         Blinkbolt         |       |       |       |       |       |       |    19 |    26 |     9 ||    54
         Evoke Blink       |       |       |       |       |       |       |     1 |       |       ||     1
  Evoke: Wand              |       |       |     8 |    15 |     3 |    20 |     7 |    11 |     2 ||    66
         Box of beasts     |       |       |       |       |       |       |       |       |     1 ||     1
    Use: Scroll            |     5 |     5 |     5 |     9 |     5 |    21 |     5 |     6 |    10 ||    71
         Potion            |       |     1 |     6 |     2 |       |     3 |     4 |       |    14 ||    30
   Stab: Sleeping          |     3 |     4 |     5 |     3 |     2 |     6 |     7 |    13 |     7 ||    50
         Distracted        |       |     1 |       |     1 |     1 |     1 |     4 |     4 |     2 ||    14
         Paralysed         |       |       |       |       |     4 |     3 |       |       |       ||     7
         Petrified         |       |       |       |       |       |     3 |     1 |       |       ||     4
         Invisible         |       |       |       |       |       |       |     2 |       |       ||     2
 Armour: Leather armour    |    39 |    74 |   257 |     1 |       |       |       |       |       ||   371
         Robe              |       |       |       |    53 |       |       |       |       |       ||    53
         Skin              |       |       |       |    38 |       |       |   180 |   295 |   129 ||   642
         Steam dragon scal |       |       |       |   405 |   117 |       |       |       |       ||   522
         Troll leather arm |       |       |       |       |   353 |   887 |   325 |       |       ||  1565
  Dodge: Dodged            |    33 |    91 |   204 |   366 |   463 |   825 |   778 |   937 |   688 ||  4385
  Block: Buckler           |       |       |    89 |   167 |   204 |   397 |   178 |       |       ||  1035
         Other             |       |       |       |       |       |       |    25 |   275 |   142 ||   442
         Form:             |       |       |       |       |       |     3 |       |     1 |       ||     4
         Serpent           |       |       |       |       |       |     3 |       |       |       ||     3
         Storm             |       |       |       |       |       |       |     2 |     1 |       ||     3
         Dragon            |       |       |       |       |       |       |     1 |       |       ||     1

Table legend: (Time is in decaauts)
 A = Elapsed time spent in this place.
 B = Non-inter-level travel time spent in this place.
 C = Inter-level travel time spent in this place.
 D = Time resting spent in this place.
 E = Time spent auto-exploring this place.
 F = Levels seen in this place.
 G = Mean time per level.
                   A        B        C        D        E       F      G
               +--------+--------+--------+--------+--------+-----+--------+
         Total |  92200 |  81901 |  10299 |  22171 |  41362 |  55 | 1676.4 |
       Dungeon |  28248 |  23471 |   4777 |   5773 |  12665 |  15 | 1883.2 |
        Temple |      1 |      1 |      0 |      0 |      0 |   1 |    1.0 |
          Lair |  12335 |  11466 |    869 |   2834 |   5987 |   5 | 2467.0 |
         Swamp |   6253 |   6133 |    120 |   2587 |   2034 |   4 | 1563.2 |
     Snake Pit |   8324 |   7296 |   1028 |   1947 |   2984 |   4 | 2081.0 |
  Orcish Mines |   3550 |   2551 |    999 |    133 |   1886 |   2 | 1775.0 |
   Elven Halls |   8900 |   8229 |    671 |   4457 |   2604 |   3 | 2966.7 |
        Vaults |   8776 |   7650 |   1126 |   1156 |   4998 |   5 | 1755.2 |
         Crypt |   3004 |   2899 |    105 |    283 |   1919 |   3 | 1001.3 |
        Depths |   6839 |   6356 |    483 |    797 |   4520 |   4 | 1709.8 |
           Zot |   4540 |   4422 |    118 |   1861 |   1501 |   5 |  908.0 |
         Trove |    182 |    182 |      0 |      0 |      0 |   1 |  182.0 |
         Sewer |    520 |    520 |      0 |    107 |    137 |   1 |  520.0 |
        Wizlab |      7 |      7 |      0 |      0 |      0 |   1 |    7.0 |
      Gauntlet |    713 |    713 |      0 |    232 |    125 |   1 |  713.0 |
               +--------+--------+--------+--------+--------+-----+--------+

Top non-repeatable levels by time:
   Elf:3: 5905 daAuts
  Lair:5: 3390 daAuts
 Snake:4: 3168 daAuts
  Lair:2: 2922 daAuts
  Lair:1: 2806 daAuts
     D:7: 2744 daAuts
     D:6: 2606 daAuts
 Swamp:4: 2535 daAuts
     D:3: 2509 daAuts
Vaults:3: 2472 daAuts
   Orc:2: 2418 daAuts
    D:10: 2410 daAuts
Depths:1: 2285 daAuts
   Zot:1: 2200 daAuts
Vaults:1: 2067 daAuts

Table legend:
 A = Kills in this place as a percentage of kills in the entire game.
 B = Kills by you in this place as a percentage of kills by you in the entire game.
 C = Kills by friends in this place as a percentage of kills by friends in the entire game.
 D = Other kills in this place as a percentage of other kills in the entire game.
 E = Experience gained in this place as a percentage of experience gained in the entire game.
 F = Experience gained in this place divided by the number of levels of this place that you have seen.
                   A       B       C       D       E      F
               +-------+-------+-------+-------+-------+----------------------
         Total | 100.0 | 100.0 |   N/A | 100.0 | 100.0 | 25746.3
       Dungeon |  17.0 |  16.9 |   N/A |  20.0 |   5.2 | 4903.8
          Lair |  13.2 |  13.2 |   N/A |   0.0 |   6.2 | 17484.2
         Swamp |   5.8 |   5.7 |   N/A |  30.0 |   5.8 | 20703.5
     Snake Pit |  11.5 |  11.6 |   N/A |   0.0 |  10.7 | 38053.0
  Orcish Mines |   6.4 |   6.5 |   N/A |   0.0 |   1.7 | 12139.5
   Elven Halls |   7.1 |   7.0 |   N/A |  30.0 |   8.7 | 41122.7
        Vaults |  14.6 |  14.6 |   N/A |   0.0 |  20.5 | 58196.0
         Crypt |   6.9 |   7.0 |   N/A |   0.0 |   8.4 | 39687.0
        Depths |   9.3 |   9.3 |   N/A |   0.0 |  13.8 | 48894.8
           Zot |   7.0 |   7.0 |   N/A |  20.0 |  18.6 | 52617.0
         Sewer |   0.9 |   0.9 |   N/A |   0.0 |   0.0 | 278.0
      Gauntlet |   0.4 |   0.4 |   N/A |   0.0 |   0.2 | 3412.0
               +-------+-------+-------+-------+-------+----------------------
